 Dungeon Crawl Stone Soup version 0.23.2-30-g0e89c35649 (webtiles) character file.

Game seed: 15645783116175500090

98654 KnotZ the Severer (level 15, -7/216 HPs)
             Began as a Deep Dwarf Fighter on June 17, 2019.
             Was a High Priest of Okawaru.
             Mangled by an orc warrior
             ... wielding a +0 glaive
              (16 damage)
             ... on level 2 of the Orcish Mines on June 18, 2019.
             The game lasted 03:26:49 (22083 turns).

KnotZ the Severer (Deep Dwarf Fighter)             Turns: 22083, Time: 03:26:49

Health: -7/216     AC: 27    Str: 25    XL:     15   Next: 75%
Magic:  0/0        EV:  2    Int: 10    God:    Okawaru [*****.]
Gold:   1238       SH: 23    Dex: 20    Spells: 20/20 levels left

rFire    + . .     SeeInvis .   E - +8 hand axe "Pioliy" {drain, Dex+6}
rCold    . . .     Gourm    .   B - +0 large shield
rNeg     + + +     Faith    .   (armour currently unavailable)
rPois    +         Spirit   .   (helmet currently unavailable)
rElec    .         Reflect  +   (cloak currently unavailable)
rCorr    .         Harm     .   (gloves currently unavailable)
MR       ++...     NoTele   +   (boots currently unavailable)
Stlth    ++........             R - +3 amulet of reflection
HPRegen  0.00/turn              a - ring of Qiol {rF+ EV+3 Dex+2}
MPRegen  0.07/turn              p - +3 ring of slaying

@: tree-form, non-regenerating
A: damage resistance, heal wounds, negative energy resistance 1, sense
surroundings 2, no regeneration
a: Heal Wounds, Heroism, Finesse, Renounce Religion


You were on level 2 of the Orcish Mines.
You worshipped Okawaru.
Okawaru was extremely pleased with you.
You were hungry.
You were a tree.
You visited 4 branches of the dungeon, and saw 23 of its levels.
You also visited: Volcano.

You collected 1964 gold pieces.
You spent 726 gold pieces at shops.

Inventory:

Hand Weapons
 w - a +2 broad axe of flaming
 C - a +0 war axe
 D - a +4 broad axe of electrocution
 E - the +8 hand axe "Pioliy" (weapon) {drain, Dex+6}
   (Okawaru gifted it to you on level 2 of the Orcish Mines)

   A truly terrible weapon, it drains the life of those it strikes.
   It affects your dexterity (+6).
 O - a +2 broad axe of venom
Armour
 d - a +0 pair of gloves of archery
 o - a +2 plate armour of fire resistance
 q - a +2 helmet of see invisible (melded)
 r - a +4 plate armour (melded)
 B - a +0 large shield (worn)
 H - a +0 cloak
 V - the +3 plate armour of the Swan {*Slow rC++}
   (Okawaru gifted it to you on level 12 of the Dungeon)

   It greatly protects you from cold.
   It may slow you when you take damage.
 W - a scarf of repulsion (melded)
 X - a +0 pair of gloves (melded)
Jewellery
 a - the ring of Qiol (left branch) {rF+ EV+3 Dex+2}
   (You found it on level 2 of the Lair of Beasts)

   [ring of evasion]

   It affects your evasion (+3).
   It affects your dexterity (+2).
   It protects you from fire.
 e - an uncursed ring of see invisible
 j - a +2 ring of evasion
 p - a +3 ring of slaying (right branch)
 s - an uncursed amulet of guardian spirit
 N - an uncursed ring of poison resistance
 R - a +3 amulet of reflection (around neck)
 Y - an uncursed ring of fire
Wands
 i - a wand of acid (16)
 l - a wand of paralysis (19)
 t - a wand of disintegration (14)
 y - a wand of digging (8)
 P - a wand of polymorph (5)
 Q - a wand of clouds (9)
 S - a wand of flame (54)
Scrolls
 b - 4 scrolls of immolation
 g - 4 scrolls of magic mapping
 m - 7 scrolls of teleportation
 v - 5 scrolls of remove curse
 A - 4 scrolls of fear
 G - 2 scrolls of silence
 M - a scroll of holy word
Potions
 c - 3 potions of mutation
 h - 4 potions of brilliance
 k - 2 potions of lignification
 n - a potion of berserk rage
 u - 3 potions of flight
 x - 3 potions of resistance
 z - 2 potions of haste
Comestibles
 f - 19 rations


   Skills:
 + Level 11.8 Fighting
 + Level 15.3 Axes
 + Level 13.9 Armour
 + Level 4.3 Dodging
 + Level 12.5 Shields
 * Level 3.1 Spellcasting
 * Level 15.1 Invocations


You had 20 spell levels left.
You didn't know any spells.
Your spell library contained the following spells:

 Spells                   Type           Power        Failure   Level  Hunger
 Animate Skeleton         Necr           N/A          80%         1    #......
 Apportation              Tloc           #.....       80%         1    #......
 Confusing Touch          Hex            #.....       80%         1    #......
 Corona                   Hex            #......      80%         1    #......
 Flame Tongue             Conj/Fire      #....        80%         1    #......
 Shock                    Conj/Air       #...         80%         1    #......
 Summon Small Mammal      Summ           #...         80%         1    #......
 Call Imp                 Summ           #.......     91%         2    ###....
 Ensorcelled Hibernation  Hex/Ice        #.....       91%         2    ###....
 Swiftness                Chrm/Air       #.......     91%         2    ###....
 Throw Flame              Conj/Fire      #.....       91%         2    ###....
 Call Canine Familiar     Summ           #.......     99%         3    ###....
 Confuse                  Hex            #.......     99%         3    ###....
 Conjure Flame            Conj/Fire      #.......     99%         3    ###....
 Dazzling Spray           Conj/Hex       #.....       99%         3    ###....
 Gell's Gravitas          Tloc           #.........   99%         3    ###....
 Inner Flame              Hex/Fire       #.......     99%         3    ###....
 Static Discharge         Conj/Air       #.......     99%         3    ###....
 Summon Guardian Golem    Hex/Summ       #.......     99%         3    ###....
 Tukima's Dance           Hex            #.......     99%         3    ###....
 Airstrike                Air            #.........   100%        4    #####..
 Petrify                  Tmut/Erth      #.......     100%        4    #####..
 Sticky Flame             Conj/Fire      #.......     100%        4    #####..
 Summon Ice Beast         Ice/Summ       #.......     100%        4    #####..
 Summon Lightning Spire   Summ/Air       #.......     100%        4    #####..
 Fireball                 Conj/Fire      #.........   100%        5    ######.
 Lightning Bolt           Conj/Air       #.........   100%        5    ######.
 Metabolic Englaciation   Hex/Ice        #.........   100%        5    ######.
 Yara's Violent Unravell  Hex/Tmut       #.........   100%        5    ######.


Dungeon Overview and Level Annotations

Branches:
Dungeon (14/15)            Temple (1/1) D:5            Lair (6/6) D:11
  Swamp (0/4) Lair:4       Spider (0/4) Lair:4        Slime (0/5) Lair:6
    Orc (2/2) D:10         Vaults (0/5) D:13
    Elf: Orc:2

Altars:
Ashenzari
Cheibriados
Dithmenos
Elyvilon
Fedhas
Gozag
Hepliaklqana
Kikubaaqudgha
Makhleb
Nemelex Xobeh
Okawaru
Qazlal
Ru
Sif Muna
Trog
Uskayaw
Vehumet
Wu Jian
Xom
Yredelemnul
Zin
The Shining One
Jiyva

Shops:
D:10 (   D:14 [[[   Orc:2 %(

Annotations:
D:7 2 runed translucent doors
D:12 1 runed translucent door, Aurelien's ghost, journeyman MiFi


Innate Abilities, Weirdness & Mutations

You are resistant to damage.
You can heal yourself by infusing magical energy.
You resist negative energy. (rN+)
You passively map the area around you.
You do not regenerate.


Message History

The orc warlord is lightly wounded.
You hit the orc knight. You drain the orc knight.
You block the orc warlord's attack.
The orc warrior hits you from afar with a +0 glaive!!
* * * LOW HITPOINT WARNING * * *
You slash the orc warlord! You drain the orc warlord.
The orc warlord is moderately wounded.
You closely miss the orc knight. You hit the orc warrior.
The orc knight hits you but does no damage.
You hit the orc warlord but do no damage.
You drain the orc warlord.
The orc warlord is heavily wounded.
You slash the orc knight! You drain the orc knight. You slash the orc warrior!
You drain the orc warrior.
You kill the orc warrior!
Okawaru accepts your kill.
You are feeling hungry.
You block the orc warlord's attack.
The orc warrior hits you from afar with a +0 glaive!!
You die...

.................##
..................#
..................#
.............o....#
..................#
#...#.........#...#
....##..........oh#
...............oo##
...............)♣.#
..................#
..†).............##
..)..............##
..)...............#
............##....#
..#.))............#
..................#
.....).........#.##


You could see an orc warlord, 2 orc knights, a warg and an orc warrior.

Vanquished Creatures
  Jorgrun (D:12)
  Azrael (D:14)
  4 dire elephants (Lair:6)
  Snorg (Lair:3)
  Josephine (D:13)
  Fannar (Lair:2)
  12 hydras
  7 two-headed ogres
  2 centaur warriors (D:14)
  Erica (Lair:1)
  2 catoblepae
  An anaconda (Lair:6)
  An ogre mage (Volcano)
  2 dancing weapons (D:13)
  7 death yaks (Lair:5)
  2 tengu warriors
  2 orc high priests (Orc:2)
  A fire crab (Lair:6)
  Nergalle (Lair:4)
  A hell knight (Volcano)
  An unseen horror (D:12)
  An orc sorcerer (Orc:2)
  A deep elf mage (D:14)
  2 orc knights
  An oklob plant (Lair:2)
  9 ugly things
  A manticore (D:13)
  6 elephants
  3 cyclopes
  2 molten gargoyles (Volcano)
  Psyche (D:9)
  5 black mambas
  Joseph (D:9)
  2 gargoyles (D:13)
  A torpor snail (Lair:3)
  13 spiny frogs
  2 rime drakes
  A kobold demonologist (D:13)
  A demonic crawler (Lair:4)
  2 efreet
  5 komodo dragons
  5 trolls
  3 meliai (Lair:5)
  2 polar bears
  A queen bee (Lair:5)
  12 hippogriffs
  4 blink frogs (Lair:6)
  4 slime creatures (D:13)
  14 dream sheep
  3 shadows
  A redback (D:7)
  5 wraiths
  2 vampires
  5 wyverns
  3 fire elementals (D:14)
  2 fire bats (Volcano)
  62 yaks
  A steam dragon (Lair:3)
  4 vampire mosquitoes (D:13)
  6 hungry ghosts
  3 basilisks
  An acid dragon (D:12)
  3 swamp worms (Lair:4)
  7 porcupines
  12 water moccasins
  4 hell hounds
  3 black bears (D:11)
  27 orc warriors
  2 sky beasts
  A necrophage (D:7)
  3 ice beasts
  An eye of draining (D:13)
  2 phantoms
  12 centaurs
  7 ogres
  23 wolves
  14 crocodiles
  17 bullfrogs
  A big kobold (D:14)
  2 wyvern zombies
  2 gnoll sergeants
  9 scorpions
  32 killer bees
  3 wights (D:11)
  7 howler monkeys
  10 crimson imps
  4 centaur zombies
  4 lava snakes (Volcano)
  A quasit (D:13)
  4 jellies
  15 orc priests
  5 centaur skeletons
  A gnoll shaman (D:7)
  7 hounds
  23 orc wizards
  5 bullfrog skeletons
  6 iguanas
  5 hell rats (Lair:5)
  11 worker ants
  2 killer bee zombies
  A hound skeleton (D:10)
  2 hound zombies
  6 gnolls
  12 adders
  A howler monkey skeleton (D:4)
  A river rat (Lair:5)
  3 shadow imps
  2 adder skeletons (D:5)
  7 worms
  A dart slug (D:1)
  5 leopard geckos
  103 orcs
  2 ball pythons
  10 giant cockroaches
  4 goblins
  8 hobgoblins
  7 kobolds
  4 quokkas
  5 bats
  4 frilled lizards (D:2)
  A jackal skeleton (D:4)
  3 leopard gecko zombies
  A quokka skeleton (D:7)
  9 rats
  A bush (Lair:4)
  8 fungi
  13 plants
776 creatures vanquished.

Vanquished Creatures (collateral kills)
  A dire elephant (Lair:6)
1 creature vanquished.

Vanquished Creatures (others)
  Nessos (D:13)
  7 centaurs
  A bush (Lair:4)
  15 fungi
  12 plants
36 creatures vanquished.

Grand Total: 813 creatures vanquished

Notes
Turn   | Place    | Note
-------+----------+-------------------------------------------
     0 | D:1      | KnotZ the Deep Dwarf Fighter began the quest for the Orb.
     0 | D:1      | Reached XP level 1. HP: 20/20 MP: 1/1
   466 | D:1      | Reached XP level 2. HP: 27/27 MP: 2/2
   871 | D:2      | Reached XP level 3. HP: 34/34 MP: 3/3
  1100 | D:2      | Reached XP level 4. HP: 40/42 MP: 4/4
  1338 | D:2      | Found a bloodstained altar of Trog.
  1503 | D:2      | Found an opulent altar of Gozag.
  1822 | D:3      | Reached XP level 5. HP: 34/49 MP: 4/4
  2401 | D:4      | Reached XP level 6. HP: 44/56 MP: 4/4
  2509 | D:4      | Reached skill level 5 in Axes
  2699 | D:4      | Reached XP level 7. HP: 51/64 MP: 3/3
  2723 | D:4      | Reached skill level 5 in Shields
  2949 | D:5      | Entered Level 5 of the Dungeon
  2966 | D:5      | Reached skill level 5 in Armour
  2984 | D:5      | Found a blossoming altar of Fedhas.
  3194 | D:5      | Reached XP level 8. HP: 41/73 MP: 2/2
  3379 | D:5      | Found a staircase to the Ecumenical Temple.
  3477 | Temple   | Entered the Ecumenical Temple
  3522 | Temple   | Became a worshipper of Warmaster Okawaru
  4593 | D:7      | Reached skill level 5 in Fighting
  5023 | D:7      | Found a runed translucent door.
  5378 | D:7      | Reached * piety under Okawaru
  5423 | D:7      | Gained mutation: You passively map the area around you.
                  | [Deep Dwarf growth]
  5423 | D:7      | Reached XP level 9. HP: 54/81 MP: 1/1
  5475 | D:7      | Noticed a cyclops
  5475 | D:7      | Noticed a troll
  5476 | D:7      | Found the +5 pair of quick blades "Gyre" and "Gimble"
                  | {pierce, Dex-3}
  5479 | D:7      | Killed a troll
  5481 | D:7      | Killed a cyclops
  5481 | D:7      | Reached ** piety under Okawaru
  5528 | D:7      | Found a runed translucent door.
  5528 | D:7      | Found a runed translucent door.
  5557 | D:7      | Reached *** piety under Okawaru
  5557 | D:7      | Reached skill level 10 in Axes
  5903 | D:8      | Found an ancient bone altar of Kikubaaqudgha.
  5903 | D:8      | Found a hazy altar of Hepliaklqana.
  6050 | D:8      | Reached skill level 1 in Invocations
  6050 | D:8      | Reached XP level 10. HP: 68/92 MP: 1/3
  6154 | D:8      | Found a deep blue altar of Sif Muna.
  6518 | D:8      | Found a shimmering altar of Xom.
  6641 | D:9      | Found Zin's Purification Station.
  6641 | D:9      | Noticed Joseph
  6656 | D:9      | Killed Joseph
  6661 | D:9      | Found a glowing silver altar of Zin.
  6692 | D:9      | Bought a potion of curing for 90 gold pieces
  6742 | D:9      | Noticed Psyche
  6747 | D:9      | Killed Psyche
  6747 | D:9      | Reached **** piety under Okawaru
  6769 | D:9      | Reached skill level 5 in Invocations
  6939 | D:9      | Found an opulent altar of Gozag.
  7088 | D:10     | Entered Level 10 of the Dungeon
  7340 | D:10     | Found Ziarreh's Weapon Shoppe.
  8118 | D:10     | Found a staircase to the Orcish Mines.
  8206 | D:11     | Reached XP level 11. HP: 96/100 MP: 7/7
  8220 | D:11     | Found a staircase to the Lair.
  8262 | D:11     | Noticed a two-headed ogre
  8277 | D:11     | Killed a two-headed ogre
  8277 | D:11     | Reached ***** piety under Okawaru
  8300 | D:11     | Noticed a red ugly thing
  8304 | D:11     | Noticed a brown ugly thing
  8318 | D:11     | Killed a purple ugly thing
  8320 | D:11     | Killed a red ugly thing
  8388 | D:11     | Found a glowing silver altar of Zin.
  8465 | D:11     | Received a gift from Okawaru
  8811 | D:11     | Noticed a tengu warrior
  8822 | D:11     | Killed a tengu warrior
  8964 | D:12     | Found a runed translucent door.
  8998 | D:12     | Noticed a white ugly thing
  9008 | D:12     | Killed a white ugly thing
  9045 | D:12     | Noticed a purple ugly thing
  9060 | D:12     | Killed a purple ugly thing
  9095 | D:12     | Killed an unseen horror
  9095 | D:12     | Received a gift from Okawaru
  9095 | D:12     | Reached XP level 12. HP: 71/110 MP: 6/8
  9098 | D:12     | Got a jewelled plate armour {god gift}
  9109 | D:12     | Identified the +3 plate armour of the Swan {*Slow rC++}
                  | (Okawaru gifted it to you on level 12 of the Dungeon)
  9139 | D:12     | Noticed Jorgrun
  9154 | D:12     | Killed Jorgrun
  9154 | D:12     | Reached skill level 10 in Invocations
  9268 | D:12     | Identified the +6 trident "Ipseoz" {elec, rF+ rN+ MR+}
  9268 | D:12     | Noticed Aurelien's ghost (journeyman MiFi)
  9531 | D:12     | Reached skill level 10 in Armour
  9691 | D:13     | Found a gate to the Vaults.
  9712 | D:13     | Reached skill level 10 in Shields
  9759 | D:13     | Noticed Nessos
  9768 | D:13     | Killed Nessos
  9883 | D:13     | Noticed Josephine
  9897 | D:13     | Killed Josephine
  9906 | D:13     | Noticed a tengu warrior
  9930 | D:13     | Killed a tengu warrior
 10206 | D:13     | Received a gift from Okawaru
 10251 | D:13     | Noticed a two-headed ogre
 10258 | D:13     | Killed a two-headed ogre
 10258 | D:13     | Reached XP level 13. HP: 96/120 MP: 9/9
 10707 | D:14     | Found Toge's Jewellery Shoppe.
 10719 | D:14     | Found Paafesim's Antique Armour Boutique.
 10735 | D:14     | Bought a glowing plate armour for 494 gold pieces
 10735 | D:14     | Bought a glowing helmet for 142 gold pieces
 10872 | D:14     | Received a gift from Okawaru
 11434 | D:14     | Found Nairon's Antique Armour Boutique.
 11445 | D:14     | Noticed Azrael
 11459 | D:14     | Killed Azrael
 11478 | D:14     | Received a gift from Okawaru
 11489 | D:14     | Reached ****** piety under Okawaru
 11685 | D:14     | Found Joheb's Antique Armour Shop.
 11957 | D:14     | Found the +4 moon troll leather armour {Spirit, Regen++
                  | MP+5}
 11957 | D:14     | Noticed a shadow dragon
 12224 | Lair:1   | Entered Level 1 of the Lair of Beasts
 12375 | Lair:1   | Reached skill level 10 in Fighting
 12516 | Lair:1   | Noticed Erica
 12530 | Lair:1   | Killed Erica
 13083 | Lair:2   | Noticed Fannar
 13104 | Lair:2   | Killed Fannar
 13104 | Lair:2   | Gained mutation: You resist negative energy. (rN+) [Deep
                  | Dwarf growth]
 13104 | Lair:2   | Reached XP level 14. HP: 125/132 MP: 8/8
 13373 | Lair:2   | Got a flickering wooden ring
 13616 | Lair:2   | Found a dark tunnel.
 13627 | Volcano  | Entered a volcano
 13924 | Volcano  | Found a radiant altar of Vehumet.
 13929 | Volcano  | Received a gift from Okawaru
 14551 | Lair:3   | Noticed Snorg
 14560 | Lair:3   | Killed Snorg
 15647 | Lair:4   | Noticed Nergalle
 15650 | Lair:4   | Found a hole to the Spider Nest.
 15664 | Lair:4   | Killed Nergalle
 16010 | Lair:4   | Found a staircase to the Swamp.
 16821 | Lair:5   | Reached skill level 1 in Dodging
 16834 | Lair:5   | Received a gift from Okawaru
 16937 | Lair:5   | Reached skill level 15 in Axes
 16975 | Lair:5   | Reached XP level 15. HP: 85/142 MP: 1/4
 17853 | Lair:6   | Entered Level 6 of the Lair of Beasts
 17950 | Lair:6   | Received a gift from Okawaru
 18125 | Lair:6   | HP: 7/142 [11-headed hydra (3)]
 18299 | Lair:5   | Identified the ring of Qiol {rF+ EV+3 Dex+2} (You found it
                  | on level 2 of the Lair of Beasts)
 19151 | Lair:6   | Reached skill level 1 in Spellcasting
 19367 | Lair:6   | Received a gift from Okawaru
 19466 | Lair:6   | Found a viscous altar of Jiyva.
 19467 | Lair:6   | Found a staircase to the Slime Pits.
 21495 | Orc:1    | Entered Level 1 of the Orcish Mines
 21644 | Orc:2    | Entered Level 2 of the Orcish Mines
 21696 | Orc:2    | Reached skill level 15 in Invocations
 21753 | Orc:2    | Found Alomo's Food Boutique.
 21763 | Orc:2    | Found Birur's Antique Weapon Shoppe.
 21772 | Orc:2    | Received a gift from Okawaru
 21798 | Orc:2    | Got a polished hand axe {god gift}
 21926 | Orc:2    | Identified the +8 hand axe "Pioliy" {drain, Dex+6} (Okawaru
                  | gifted it to you on level 2 of the Orcish Mines)
 22053 | Orc:2    | Noticed an orc warlord
 22081 | Orc:2    | HP: 9/216 [orc warrior/+0 glaive (16)]
 22083 | Orc:2    | Mangled by an orc warrior

Skill      XL: |  1  2  3  4  5  6  7  8  9 10 11 12 13 14 15 |
---------------+----------------------------------------------+-----
Fighting       | 3 4 5 6 7 8 10 11 | 11.8
Axes           | 3 4 5 6 8 10 11 12 13 14 15 | 15.3
Shields        | 4 5 6 7 8 9 10 11 12 | 12.5
Armour         | 4 5 6 7 8 9 10 12 13 | 13.9
Invocations    | 1 6 9 11 13 14 15 | 15.1
Dodging        | 1 4 |  4.3
Spellcasting   | 3 |  3.1

Action                   |  1- 3 |  4- 6 |  7- 9 | 10-12 | 13-15 || total
-------------------------+-------+-------+-------+-------+-------++-------
Melee: War axe           |   116 |   259 |   177 |       |       ||   552
       Broad axe         |       |       |   119 |   541 |  1057 ||  1717
       Executioner's axe |       |       |       |       |    94 ||    94
       Hand axe          |       |       |       |       |    85 ||    85
Invok: Heroism           |       |       |       |    11 |    15 ||    26
       Finesse           |       |       |       |     2 |     7 ||     9
 Abil: Heal Wounds       |     3 |     7 |     9 |    23 |    44 ||    86
Evoke: Wand              |       |       |       |       |     8 ||     8
  Use: Scroll            |       |       |     8 |     8 |    18 ||    34
       Potion            |       |       |     6 |     1 |    18 ||    25
  Eat: Chunk             |       |     3 |     1 |     3 |       ||     7
       Ration            |       |     1 |     3 |     5 |    11 ||    20
Armor: Scale mail        |    60 |   105 |   100 |    43 |       ||   308
       Chain mail        |       |       |       |    47 |       ||    47
       Plate armour      |       |       |       |    62 |   600 ||   662
       Skin              |       |       |       |       |     1 ||     1
Dodge: Dodged            |    24 |    85 |    69 |    83 |   297 ||   558
       Deflected         |       |       |       |     3 |     9 ||    12
Block: Shield            |    50 |   158 |    82 |       |       ||   290
       Large shield      |       |       |   109 |   498 |  1135 ||  1742
       Reflection        |       |       |       |    22 |    21 ||    43
       Other             |       |       |       |       |    30 ||    30
